AoeStats
← Chris Becker

Arena

509556741Analyzed
4v4 RM · 5d ago on Sep 27, 2026· 41m 17s· 8 players
Game mode
Random Map
Map size
Large (8 player)
Population
200
Speed
Normal
Resources
Standard
Victory
Conquest
Starting age
Dark Age
Ending age
Imperial Age
RankedLock teamsTeams togetherTeam positionsShared explorationLock speedFull tech treeHidden civsTurbo modeCheats
Victory
Defeat
🇷🇺 Danes · Russia
1580
+15
🇩🇪 Franks · Germany
1542
+16
🇦🇷 Celts · Argentina
1526
+17
🇲🇽 Varangians · Mexico
1483
+19
🇺🇸 Saxons · United States
1614
-20
🇹🇷 Danes · Türkiye
1590
-18
🇩🇪 Britons · Germany
1497
-15
🇨🇳 Franks · China
1486
-14
edengr7
9:27 Feudal Age
14:54 Castle Age
13:36 Horse Collar
15:08 Double-Bit Axe
18:14 Loom
20:34 Bow Saw
21:36 Heavy Plow
22:07 Gold Mining
26:33 Wheelbarrow
25:44 Town Watch
28:19 Town Patrol
29:28 Hand Cart
29:40 Forging
29:56 Bloodlines
29:46 Husbandry
30:58 Iron Casting
30:49 Scale Barding Armor
30:48 Stone Mining
30:47 Vendel Legacy
34:30 Imperial Age
33:18 Stone Shaft Mining
33:05 Chain Barding Armor
34:40 Cavalier
35:42 Conscription
36:26 Blast Furnace
36:02 Plate Barding Armor
39:00 Elite Jarl
SHell | FayLayt
11:25 Feudal Age
12:27 Double-Bit Axe
12:24 Horse Collar
15:23 Castle Age
15:08 Wheelbarrow
16:20 Bow Saw
16:22 Heavy Plow
18:43 Stone Mining
19:13 Loom
19:55 Gold Mining
21:45 Scale Mail Armor
22:52 Squires
25:32 Hand Cart
29:09 Imperial Age
27:25 Gold Shaft Mining
27:41 Chain Mail Armor
29:25 Forging
30:24 Plate Mail Armor
29:17 Capped Ram
30:42 Elite Jomsviking
33:27 Conscription
34:22 Iron Casting
34:15 Onager
DoubleZX
11:30 Feudal Age
15:04 Castle Age
13:11 Double-Bit Axe
14:18 Town Watch
14:44 Loom
16:07 Bow Saw
22:00 Wheelbarrow
21:11 Loom
23:05 Forging
22:56 Scale Mail Armor
24:10 Gold Mining
28:43 Imperial Age
26:55 Stone Mining
27:11 Squires
26:57 Gambesons
28:06 Fletching
29:22 Bodkin Arrow
31:18 Conscription
32:50 Chain Mail Armor
35:44 Plate Mail Armor
36:06 Elite Throwing Axeman
37:53 Iron Casting
amtiky
11:00 Feudal Age
15:03 Castle Age
13:14 Double-Bit Axe
13:34 Horse Collar
16:06 Bow Saw
18:27 Heavy Plow
21:15 Wheelbarrow
20:31 Gold Mining
23:23 Stone Mining
29:05 Imperial Age
28:12 Gold Shaft Mining
28:30 Scale Mail Armor
28:17 Pikeman
29:28 Heavy Scorpion
30:30 Ballistics
30:46 Loom
30:43 Halberdier
31:56 Chain Mail Armor
32:40 Forging
34:17 Siege Engineers
34:34 Conscription
35:19 Plate Mail Armor
34:34 Capped Ram
36:51 Iron Casting
37:05 Hand Cart
37:44 Furor Celtica
37:33 Siege Ram
41:44 Hoardings
Thundernips, The Ultimate Gigolo
9:35 Feudal Age
13:19 Castle Age
11:29 Double-Bit Axe
11:58 Horse Collar
18:51 Heavy Plow
21:48 Gold Mining
23:56 Bow Saw
24:04 Town Watch
24:54 Wheelbarrow
25:16 Squires
29:03 Imperial Age
26:40 Squires
26:25 Arson
28:03 Gold Shaft Mining
27:53 Gambesons
28:14 Scale Mail Armor
28:24 Forging
29:11 Chain Mail Armor
28:46 Loom
28:53 Loom
29:30 Hand Cart
29:06 Elite Varangian Guard
30:11 Conscription
30:42 Iron Casting
29:46 Shield Wall
31:13 Plate Mail Armor
31:40 Iron Casting
32:35 Guilds
32:03 Elite Hearth Troop
34:51 Fletching
34:48 Pikeman
35:49 Bodkin Arrow
35:43 Halberdier
37:08 Bracer
38:35 Ballistics
39:15 Chemistry
39:51 Masonry
迷路将军
9:09 Feudal Age
15:46 Castle Age
15:06 Double-Bit Axe
22:35 Gold Mining
25:11 Bow Saw
28:01 Imperial Age
25:52 Forging
25:37 Stone Mining
26:19 Scale Barding Armor
26:58 Gold Shaft Mining
27:41 Iron Casting
27:11 Husbandry
29:07 Wheelbarrow
28:56 Chain Barding Armor
29:03 Cavalier
31:36 Plate Barding Armor
32:16 Hand Cart
33:19 Blast Furnace
32:43 Conscription
32:45 Town Watch
32:45 Loom
32:43 Light Cavalry
33:11 Paladin
35:54 Chivalry
38:25 Town Patrol
39:28 Chemistry
Chris Becker
11:36 Feudal Age
15:42 Castle Age
13:54 Stone Mining
14:03 Double-Bit Axe
13:59 Horse Collar
14:49 Gold Mining
17:53 Bow Saw
20:24 Fletching
23:11 Bodkin Arrow
25:51 Loom
27:24 Wheelbarrow
31:31 Imperial Age
29:15 Padded Archer Armor
31:23 Yeomen
32:23 Ballistics
32:20 Bracer
33:34 Chemistry
34:14 Heavy Plow
34:33 Hand Cart
34:31 Elite Longbowman
36:53 Leather Archer Armor
38:44 Ring Archer Armor
38:25 Siege Engineers
39:13 Conscription
LonzoWall
10:22 Feudal Age
14:57 Castle Age
13:45 Double-Bit Axe
14:39 Horse Collar
17:18 Loom
18:16 Scale Mail Armor
21:52 Chain Mail Armor
23:28 Fletching
24:06 Squires
24:40 Arson
30:20 Wheelbarrow
Connection lost

Rejoining the realm…

Still unreachable

The connection could not be restored.

Session expired

The server has moved on; the page needs a fresh start.